Map: Jagannatha LE

Players

SmurfsDie

  • Race: Protoss Protoss
  • League: Platinum
  • Spawn Location: 1:00

DLCForcesTTV - Winner!

  • Race: Zerg Zerg
  • League: Platinum
  • Spawn Location: 7:00

VOD

Have the link to the VOD?

Description

Time

  • Played on: March 20, 2021, 9:59 a.m.
  • Length: 7:34
Show
View Real Time Build Order
Export as new Build Order

SmurfsDie Protoss 

Build Orders:  

Get SALT Encoding   

  12  0:03  Probe  
  13  0:15  Probe  
  14  0:25  Pylon  
  14  0:27  Probe  
  15  0:47  Pylon  
  15  0:53  Probe  
  16  1:05  Probe  
  16  1:08  Gateway  
  17  1:11  Gateway  
  17  1:23  Gateway  
  17  1:27  Gateway  
  17  1:34  Pylon  
  17  1:55  Zealot (Chrono Boost)  
  17  2:00  Zealot (Chrono Boost)  
  21  2:14  Zealot (Chrono Boost)  
  27  2:19  Zealot (Chrono Boost)  
  27  2:20  Zealot (Chrono Boost)  
  27  2:21  Zealot (Chrono Boost)  
  29  2:28  Zealot  
  29  2:40  Zealot  
  31  2:52  Zealot x2  
  31  2:57  Zealot  
  31  3:07  Zealot  
  33  3:19  Zealot x2  
  33  3:25  Zealot  
  33  3:34  Zealot  
  33  3:46  Zealot  
  33  3:58  Zealot  
  33  3:59  Zealot  
  31  4:30  Forge  
  31  4:35  Cybernetics Core  
  31  4:38  Probe  
  32  4:44  Zealot x3  
  38  4:46  Zealot  
  31  5:11  Zealot x3  
  31  5:13  Zealot  
  39  5:29  Nexus  
  39  5:37  Photon Cannon  
  39  5:40  Photon Cannon  
  39  5:43  Pylon  
  39  5:53  Probe  
  29  6:09  Probe  
  24  6:21  Probe (Chrono Boost)  
  22  6:33  Probe (Chrono Boost)  
  14  6:40  Probe (Chrono Boost)  
  13  6:47  Probe  
  13  7:07  Probe (Chrono Boost)  
  14  7:19  Probe (Chrono Boost)  
  15  7:25  Probe (Chrono Boost)  
Show
View Real Time Build Order
Export as new Build Order

DLCForcesTTV Zerg - Winner!

Build Orders: Hatch First 

Get SALT Encoding   

  12  0:01  Drone  
  13  0:12  Overlord  
  13  0:19  Drone  
  14  0:31  Drone x2  
  16  0:55  Drone, Hatchery  
  16  1:03  Drone  
  16  1:04  Drone  
  18  1:10  Extractor  
  17  1:20  Spawning Pool  
  17  1:23  Drone  
  17  1:27  Drone  
  17  1:30  Drone  
  19  1:46  Overlord  
  19  2:07  Zergling x4  
  21  2:11  Queen  
  21  2:13  Queen  
  21  2:15  Drone x2  
  27  2:19  Metabolic Boost  
  27  2:35  Zergling x2  
  27  2:36  Zergling x6  
  29  2:44  Spine Crawler  
  29  2:49  Zergling x4  
  28  3:00  Zergling x4  
  27  3:07  Zergling x4  
  25  3:31  Drone x2  
  25  3:32  Drone  
  27  3:40  Zergling x6  
  27  3:50  Zergling x8  
  27  4:02  Zergling x4  
  27  4:28  Zergling x4  
  28  4:39  Zergling x2  
  28  4:52  Zergling x2  
  28  4:53  Zergling x4  
  23  5:05  Queen  
  25  5:14  Spine Crawler  
  23  5:15  Zergling x4  
  23  5:16  Zergling x2  
  23  5:20  Roach Warren  
  25  5:40  Drone x2, Queen  
  25  6:14  Zergling x10  
  25  6:16  Queen  
  13  6:43  Drone x3  
  16  6:58  Zergling x2  
  16  7:09  Zergling x2  
Tags
 
Add a new tag
Caveats
  • Supply blocks, unpowered buildings, or Contaminate may cause inaccurate times.
  • Supply counts are checked every 10 seconds.